 Dungeon Crawl Stone Soup version 0.17.1-2-g5865329 (webtiles) character file.

142872 Lysie the Imperceptible (level 16, 63/67 HPs)
             Began as a Spriggan Enchanter on Feb 2, 2016.
             Was a High Priest of Okawaru.
             Starved to death
             ... on level 3 of the Elven Halls on Feb 3, 2016.
             The game lasted 03:07:06 (45506 turns).

Lysie the Imperceptible (Spriggan Enchanter)       Turns: 45506, Time: 03:07:06

Health: 63/67      AC:  8    Str:  6    XL:     16   Next: 81%
Magic:  21/21      EV: 39    Int: 17    God:    Okawaru [*****.]
Gold:   2487       SH:  0    Dex: 21    Spells: 7 memorised, 0 levels left

rFire  + . .     SeeInvis +     i - +2 rapier (holy)
rCold  + + .     Clarity  +     B - +2 robe {MR+}
rNeg   . . .     SustAt   .     (shield restricted)
rPois  .         Gourm    .     G - +2 hat
rElec  .         Spirit   .     x - +0 cloak
rCorr  .         Warding  .     (gloves unavailable)
rMut   .         Stasis   .     (boots unavailable)
MR     +++..                    l - amulet of clarity
Stlth  ++++++++++               q - ring of protection from cold
                                X - ring "Vaxoc" {rF+ rC+}

@: fainting, very quick, extremely resistant to hostile enchantments, uncannily
stealthy
A: unfitting armour, molten scales 1, see invisible, herbivore 3, speed 3, slow
metabolism 2
a: Heroism, Finesse, Renounce Religion


You were on level 3 of the Elven Halls.
You worshipped Okawaru.
Okawaru was extremely pleased with you.
You were fainting.

You visited 6 branches of the dungeon, and saw 35 of its levels.
You also visited: Labyrinth, Bailey and Ice Cave.

You collected 3255 gold pieces.
You spent 768 gold pieces at shops.

Inventory:

Hand Weapons
 a - a +2 dagger of flaming
 i - a +2 rapier of holy wrath (weapon)
 K - a +2 dagger of freezing
 W - a +3 rapier
Armour
 j - a +1 buckler of cold resistance
 x - a +0 cloak (worn)
 B - a +2 robe of magic resistance (worn)
 G - a +2 hat (worn)
 T - a +2 robe of fire resistance
 Y - the +0 buckler "Bagoave" {-Cast rElec Dex+2 Slay+3}
   (Okawaru gifted it to you on level 8 of the Lair of Beasts)

   It affects your dexterity (+2).
   It affects your accuracy and damage with ranged weapons and melee attacks
   (+3).
   It insulates you from electricity.
   It prevents spellcasting.
Jewellery
 b - an uncursed amulet of resist corrosion
 c - an uncursed ring of poison resistance
 l - an amulet of clarity (around neck)
 q - a ring of protection from cold (right hand)
 s - an uncursed ring of protection from fire
 u - a +4 ring of intelligence
 F - an uncursed amulet of warding
 I - a +2 ring of slaying
 V - a +3 ring of intelligence
 X - the ring "Vaxoc" (left hand) {rF+ rC+}
   (You found it in a labyrinth)

   [ring of protection from cold]

   It protects you from fire.
   It protects you from cold.
Wands
 C - a wand of hasting (0)
 J - a wand of teleportation (3)
 M - a wand of digging (5)
Scrolls
 e - 18 scrolls of remove curse
 h - 4 scrolls of teleportation
 n - 2 scrolls of recharging
 r - 11 scrolls of enchant weapon
 v - 4 scrolls of identify
 w - 11 scrolls of enchant armour
 y - 7 scrolls of magic mapping
 L - 2 scrolls of summoning
 O - 3 scrolls of fog
 U - a scroll of fear
Potions
 g - 3 potions of resistance
 m - 5 potions of cancellation
 p - 6 potions of curing
 t - 2 potions of haste
 A - 4 potions of mutation
 D - 3 potions of brilliance
 E - a potion of flight
 S - 2 potions of berserk rage
Books
 k - a book of Burglary

   Spells                             Type                      Level
   a - Swiftness                      Charms/Air                   2
   b - Passwall                       Transmutation/Earth          3
   c - Passage of Golubria            Translocation                4
   d - Lee's Rapid Deconstruction     Earth                        5
   e - Darkness                       Hexes                        6
   f - Invisibility                   Hexes                        6
 z - a book of Spatial Translocations

   Spells                             Type                      Level
   a - Apportation                    Translocation                1
   b - Blink                          Translocation                2
   c - Shroud of Golubria             Charms/Translocation         2
   d - Portal Projectile              Translocation                3
   e - Teleport Other                 Translocation                3
   f - Passage of Golubria            Translocation                4
 Q - a book of the Dragon

   Spells                             Type                      Level
   a - Flame Tongue                   Conjuration/Fire             1
   b - Cause Fear                     Hexes                        4
   c - Bolt of Fire                   Conjuration/Fire             6
   d - Dragon Form                    Transmutation                7
   e - Dragon's Call                  Summoning                    9
 Z - Sif Muna's Almanac of the Escort and Battle Magic
   (You found it on level 1 of the Elven Halls)

   Spells                             Type                      Level
   a - Magic Dart                     Conjuration                  1
   b - Flame Tongue                   Conjuration/Fire             1
   c - Summon Small Mammal            Summoning                    1
   d - Call Canine Familiar           Summoning                    3
   e - Aura of Abjuration             Summoning                    5
   f - Shadow Creatures               Summoning                    5


   Skills:
 * Level 14.9 Short Blades
 + Level 22.7 Dodging
 * Level 25.0 Stealth
 - Level 2.7 Spellcasting
 - Level 12.3 Hexes
 - Level 4.6 Translocations


You couldn't memorise any spells.
You knew the following spells:

 Your Spells              Type           Power        Failure   Level  Hunger
a - Corona                Hex            #####..      1%          1    #......
b - Ensorcelled Hibernat  Hex/Ice        ###...       2%          2    ##.....
c - Dazzling Spray        Conj/Hex       ###.....     6%          3    ###....
d - Confuse               Hex            #####...     1%          3    ###....
e - Tukima's Dance        Hex            #####...     1%          3    ###....
f - Blink                 Tloc           N/A          4%          2    ##.....
g - Invisibility          Hex            #####...     17%         6    #######


Dungeon Overview and Level Annotations

Branches:
Dungeon (15/15)            Temple (1/1) D:5            Lair (8/8) D:8
  Swamp (4/4) Lair:3        Snake (0/4) Lair:3        Slime (0/6) Lair:8
    Orc (4/4) D:9             Elf (3/3) Orc:4        Vaults (0/5) D:13
 Depths (0/5) D:15

Altars:
Ashenzari
Cheibriados
Dithmenos
Elyvilon
Fedhas
Gozag
Kikubaaqudgha
Makhleb
Nemelex Xobeh
Okawaru
Qazlal
Ru
Sif Muna
Trog
Vehumet
Xom
Yredelemnul
Zin
The Shining One
Beogh

Shops:
D:6 [   Orc:4 =(*[

Annotations:
Orc:2 Erolcha


Innate Abilities, Weirdness & Mutations

You are tiny and cannot use many weapons and most armour.
You have supernaturally acute eyesight.
You are a herbivore.
You cover ground extremely quickly.
You need consume almost no food.
You are partially covered in molten scales (AC +1).


Message History

You lose consciousness!
You can move again.
A deep elf priest comes into view. It is wielding a vampiric long sword.
The helpless deep elf priest fails to defend itself.
You skewer the deep elf priest like a kebab!!!!!
You kill the deep elf priest!
Okawaru accepts your kill.
Found 12 stones.
Found 28 gold pieces and a ring mail.
You now have 2487 gold pieces (gained 28).
Drink which item? (? for menu, Esc to quit)
It has a very clean taste.
You feel robust.
You feel an ache in your throat. The horns on your head shrink away.
You feel clever.
You feel genetically stable.
You lose consciousness!
You can move again.
A deep elf conjurer comes into view. It is wielding a rapier.
You have starved to death.
You die...

#e.## ....# ...# #.##
...# # #..#. #..# ..
#... #..# #. ...#
#.#########..# #.##..#
#.....@......#
#.##..#####.##########.#
#.#......... #.# #..[..#
#.# #.#.#.# #.# #.#.#.#
#.# #(..#.# #.# #.#.#.#
#.# ..##..# #.#


There were no monsters in sight!

Vanquished Creatures
  Rupert (D:15)
  Donald (Elf:2)
  A frost giant (D:12)
  An orc warlord (Orc:4)
  A deep elf sorcerer (Elf:1)
  2 deep elf annihilators (Elf:1)
  5 dire elephants (Lair:8)
  Snorg (Lair:5)
  A minotaur (Lab)
  2 fire dragons (D:15)
  A centaur warrior (D:12)
  12 hydras
  An anaconda (Lair:8)
  10 dancing weapons (Elf:2)
  The ghost of Ponchio the Fighter, a journeyman GrFi of Qazlal (IceCv)
  4 alligators
  7 death yaks
  An orc high priest (Orc:4)
  10 deep elf knights (Elf:2)
  Sonja (D:13)
  The ghost of Clownie the Martial Artist, a novice OpMo (D:8)
  The ghost of riffraff the Covered, a novice DsBe of Trog (D:7)
  An ice devil (IceCv)
  5 deep elf summoners
  4 swamp dragons
  2 unseen horrors
  A spriggan druid (Swamp:4)
  A hill giant (shapeshifter) (Elf:1)
  2 hill giants
  5 orc knights
  2 orc sorcerers
  A manticore (D:14)
  A necromancer (IceCv)
  8 deep elf conjurers
  A hornet (Swamp:1)
  7 ugly things
  An oklob plant (Lair:3)
  2 cyclopes
  5 griffons
  10 black mambas
  2 centaur zombies
  20 elephants
  Maurice (Orc:2)
  Joseph (D:10)
  3 ice statues (IceCv)
  A gargoyle (D:13)
  12 spiny frogs
  A molten gargoyle (Lair:8)
  4 komodo dragons
  3 fire drakes
  7 deep elf priests
  An efreet (D:15)
  5 trolls
  9 yaktaurs
  7 giant leeches
  Grinder (D:6)
  21 slime creatures
  Prince Ribbit (D:6)
  5 blue devils (IceCv)
  A queen bee (D:10)
  A two-headed ogre (shapeshifter) (Elf:2)
  3 bog bodies
  8 blink frogs
  2 shadows
  50 yaks
  3 spriggans
  A trapdoor spider (D:12)
  2 water elementals (D:14)
  11 deep elf fighters
  A yak (shapeshifter) (D:12)
  13 hippogriffs
  10 vampire mosquitoes
  2 steam dragons
  4 wraiths
  19 wolves
  2 wyverns
  14 deep elf magi
  3 hungry ghosts
  18 swamp worms
  A warg (Orc:3)
  21 water moccasins
  A mottled dragon (D:12)
  A soldier ant (D:9)
  Duvessa (D:6)
  5 ice beasts
  13 porcupines
  20 orc warriors
  4 wasps
  A swamp drake (Swamp:2)
  6 centaurs
  6 ogres
  2 sky beasts
  18 crocodiles
  A necrophage (D:7)
  4 big kobolds
  A phantom (D:5)
  Blork the orc (D:6)
  A brain worm (D:12)
  24 giant frogs
  2 wyvern zombies
  A wyvern skeleton (D:14)
  3 scorpions
  Dowan (D:6)
  18 killer bees
  2 water moccasin skeletons (D:8)
  5 crimson imps
  2 jellies
  2 wasp zombies
  2 electric eels
  A draconian simulacrum (IceCv)
  3 giant frog zombies
  7 orc priests
  7 iguanas
  Crazy Yiuf (D:3)
  5 hounds
  5 centaur skeletons
  5 giant frog skeletons
  2 hell rats (Lair:6)
  23 orc wizards
  19 sheep
  2 troll simulacra (IceCv)
  7 worker ants
  A killer bee zombie (D:6)
  3 hound skeletons
  A worker ant zombie (D:9)
  3 naga simulacra (IceCv)
  67 river rats
  16 adders
  7 gnolls
  4 ogre simulacra (IceCv)
  2 shadow imps
  6 oozes
  An adder zombie (D:5)
  A worm (D:6)
  2 giant geckos
  123 orcs
  2 giant cockroaches
  15 goblins
  8 hobgoblins
  9 jackals
  17 kobolds
  3 quokkas
  2 ball pythons
  6 bats
  A giant gecko skeleton (D:9)
  5 giant newts
  A jackal zombie (D:7)
  A quokka zombie (D:5)
  9 rats
  A butterfly (D:5)
  3 plants (Lair:8)
975 creatures vanquished.

Vanquished Creatures (collateral kills)
  An ogre mage (D:13)
  Urug (Orc:4)
  2 deep elf knights (Elf:2)
  A spriggan druid (Swamp:2)
  A skeletal warrior (D:13)
  3 orc knights
  An orc sorcerer (Orc:4)
  A gargoyle (D:11)
  2 trolls
  2 deep elf priests (Elf:2)
  A two-headed ogre (D:13)
  3 spriggans (Swamp:2)
  2 deep elf fighters (Elf:2)
  15 orc warriors
  An ice beast (D:12)
  9 ogres
  An eye of draining (D:11)
  2 wasps (Swamp:2)
  2 killer bees (D:13)
  5 wights (D:14)
  9 orc priests
  An iguana (D:13)
  6 orc wizards
  An adder (D:8)
  52 orcs
  5 kobolds
130 creatures vanquished.

Vanquished Creatures (others)
  16 dancing weapons
  A deep elf fighter (Elf:1)
  3 orcs
  A bush (Lair:8)
  10 fungi
  7 plants
38 creatures vanquished.

Grand Total: 1143 creatures vanquished

Notes
Turn   | Place    | Note
--------------------------------------------------------------
     0 | D:1      | Lysie the Spriggan Enchanter began the quest for the Orb.
     0 | D:1      | Reached XP level 1. HP: 9/9 MP: 5/5
   189 | D:1      | Reached XP level 2. HP: 11/13 MP: 6/6
   203 | D:1      | Learned a level 2 spell: Ensorcelled Hibernation
   543 | D:2      | Reached XP level 3. HP: 16/16 MP: 8/8
   829 | D:2      | Reached skill level 5 in Dodging
  1041 | D:2      | Reached XP level 4. HP: 21/21 MP: 0/9
  1508 | D:3      | Reached skill level 6 in Dodging
  1508 | D:3      | Reached XP level 5. HP: 22/24 MP: 2/10
  1513 | D:3      | Learned a level 3 spell: Dazzling Spray
  1517 | D:3      | Learned a level 3 spell: Confuse
  2243 | D:3      | Noticed Crazy Yiuf
  2247 | D:3      | Killed Crazy Yiuf
  2525 | D:4      | Identified the Reference Book on Shifting Clay
  2730 | D:5      | Entered Level 5 of the Dungeon
  2740 | D:5      | Reached skill level 7 in Dodging
  2754 | D:5      | Reached XP level 6. HP: 28/28 MP: 3/11
  2831 | D:5      | Noticed an ogre
  2838 | D:5      | Killed an ogre
  2938 | D:5      | Noticed a phantom
  2951 | D:5      | Killed a phantom
  2951 | D:5      | Reached skill level 5 in Short Blades
  2951 | D:5      | Reached skill level 8 in Dodging
  3012 | D:5      | Found a staircase to the Ecumenical Temple.
  3028 | D:5      | Found an ancient bone altar of Kikubaaqudgha.
  3044 | D:5      | Noticed a sky beast
  3048 | Temple   | Entered the Ecumenical Temple
  3142 | D:5      | Killed a sky beast
  3142 | D:5      | Reached XP level 7. HP: 32/32 MP: 12/12
  3648 | D:5      | Reached skill level 9 in Dodging
  3827 | D:6      | Noticed Blork the orc
  3832 | D:6      | Killed Blork the orc
  3936 | D:6      | Noticed Grinder
  3936 | D:6      | Noticed Prince Ribbit
  3973 | D:6      | Killed Grinder
  3973 | D:6      | Reached skill level 10 in Dodging
  3973 | D:6      | Reached XP level 8. HP: 31/36 MP: 13/13
  4264 | D:6      | Killed Prince Ribbit
  4264 | D:6      | Reached skill level 11 in Dodging
  4300 | D:6      | Found a sparkling altar of Nemelex Xobeh.
  4333 | D:6      | Noticed Dowan
  4335 | D:6      | Noticed Duvessa
  4342 | D:6      | Killed Dowan
  4355 | D:6      | Killed Duvessa
  4431 | D:6      | Reached skill level 12 in Dodging
  4443 | D:6      | Learned a level 3 spell: Tukima's Dance
  4669 | D:6      | Found Weqegitz's Armour Shop.
  4919 | D:7      | Found an iron altar of Okawaru.
  4989 | D:7      | Became a worshipper of Warmaster Okawaru
  5196 | D:7      | Reached XP level 9. HP: 18/39 MP: 2/14
  5379 | D:7      | Found a blossoming altar of Fedhas.
  5380 | D:7      | Noticed riffraff's ghost (novice DsBe)
  5430 | D:7      | Found a sacrificial altar of Ru.
  5440 | D:7      | Reached skill level 13 in Dodging
  5473 | D:7      | Killed riffraff's ghost
  5473 | D:7      | Reached * piety under Okawaru
  5473 | D:7      | Reached skill level 14 in Dodging
  5927 | D:8      | Reached ** piety under Okawaru
  6184 | D:8      | Reached skill level 15 in Dodging
  6191 | D:8      | Noticed Clownie's ghost (novice OpMo)
  6355 | D:8      | Found a deep blue altar of Sif Muna.
  6393 | D:8      | Reached XP level 10. HP: 37/44 MP: 15/15
  6812 | D:8      | Found a staircase to the Lair.
  7026 | D:8      | Killed Clownie's ghost
  7026 | D:8      | Reached skill level 10 in Short Blades
  7071 | D:8      | Found a burning altar of Makhleb.
  7481 | D:9      | Found a staircase to the Orcish Mines.
  7512 | D:9      | Reached *** piety under Okawaru
  7631 | D:9      | Reached skill level 16 in Dodging
  8316 | D:10     | Entered Level 10 of the Dungeon
  8343 | D:10     | Gained mutation: You can spit weak poison. [potion of beneficial mutation]
  8561 | D:10     | Reached skill level 17 in Dodging
  8661 | D:10     | Reached **** piety under Okawaru
  8661 | D:10     | Reached skill level 5 in Stealth
  8871 | D:10     | Noticed an unseen horror
  8881 | D:10     | Killed an unseen horror
  8933 | D:10     | Noticed Joseph
  8936 | D:10     | Killed Joseph
  8936 | D:10     | Reached XP level 11. HP: 47/47 MP: 16/16
  9473 | D:10     | Reached skill level 5 in Hexes
  9867 | D:11     | Found a flagged portal.
  9917 | Bailey   | Entered a bailey
 10264 | Bailey   | Gained mutation: You have a pair of small horns on your head. [potion of beneficial mutation]
 10408 | Bailey   | Reached ***** piety under Okawaru
 10620 | D:11     | Reached skill level 18 in Dodging
 10734 | D:11     | Found a frozen archway.
 10738 | IceCv    | Entered an ice cave
 11372 | IceCv    | Noticed Ponchio's ghost (journeyman GrFi)
 11393 | IceCv    | Killed Ponchio's ghost
 11683 | IceCv    | Noticed a necromancer
 11967 | IceCv    | Killed a necromancer
 12077 | IceCv    | Noticed an ice devil
 12473 | IceCv    | Reached XP level 12. HP: 45/51 MP: 8/17
 12829 | IceCv    | Killed an ice devil
 12829 | IceCv    | Reached skill level 10 in Stealth
 12829 | IceCv    | Reached skill level 10 in Hexes
 13666 | Lair:1   | Entered Level 1 of the Lair of Beasts
 14557 | Lair:2   | Learned a level 2 spell: Blink
 14702 | Lair:2   | Reached skill level 19 in Dodging
 15204 | Lair:3   | Found a staircase to the Snake Pit.
 15626 | Lair:3   | Found a staircase to the Swamp.
 15640 | Lair:3   | Reached skill level 1 in Translocations
 15775 | Lair:3   | Received a gift from Okawaru
 16476 | Lair:4   | Noticed a seven-headed hydra
 16508 | Lair:4   | Killed a seven-headed hydra
 16517 | Lair:4   | Reached XP level 13. HP: 32/55 MP: 2/18
 16983 | Lair:4   | Reached ****** piety under Okawaru
 16983 | Lair:4   | Received a gift from Okawaru
 17979 | Lair:5   | Reached skill level 20 in Dodging
 18240 | Lair:5   | Noticed Snorg
 18247 | Lair:5   | Killed Snorg
 18649 | Lair:6   | Reached skill level 15 in Stealth
 21180 | Lair:7   | Found a labyrinth entrance.
 21186 | Lab      | Entered a labyrinth
 21706 | Lab      | Received a gift from Okawaru
 21714 | Lab      | Identified the Grimoire of the Escort
 21714 | Lab      | Got a vibrating turquoise ring
 21723 | Lab      | Identified the ring "Vaxoc" {rF+ rC+} (You found it in a labyrinth)
 22109 | Lair:7   | Reached XP level 14. HP: 59/59 MP: 8/19
 23804 | Lair:8   | Entered Level 8 of the Lair of Beasts
 23977 | Lair:8   | Found a staircase to the Slime Pits.
 24784 | Lair:8   | Received a gift from Okawaru
 24787 | Lair:8   | Got a scorched buckler {god gift}
 24794 | Lair:8   | Identified the +0 buckler "Bagoave" {-Cast rElec Dex+2 Slay+3} (Okawaru gifted it to you on level 8 of the Lair of Beasts)
 25409 | Lair:8   | Reached skill level 21 in Dodging
 26173 | Lair:8   | HP: 1/59 [wolf (11)]
 27665 | Orc:1    | Entered Level 1 of the Orcish Mines
 27979 | Orc:2    | Noticed Maurice
 27988 | Orc:2    | Killed Maurice
 28695 | Orc:3    | You fall through a shaft!
 28695 | Orc:4    | Entered Level 4 of the Orcish Mines
 29195 | Orc:4    | Noticed Urug
 29417 | Orc:4    | Found a roughly hewn altar of Beogh.
 29417 | Orc:4    | Noticed an orc warlord
 29571 | Orc:4    | Found a staircase to the Elven Halls.
 29879 | Orc:4    | Killed Urug
 30184 | Orc:4    | Found Qozin's Antique Armour Emporium.
 30194 | Orc:4    | Killed an orc warlord
 30223 | Orc:4    | Found Riubum's General Store.
 30231 | Orc:4    | Bought a bread ration for 70 gold pieces
 30240 | Orc:4    | Found Orrall's Jewellery Emporium.
 30255 | Orc:4    | Found Yxueris's Antique Weapon Emporium.
 30655 | Orc:4    | Bought an embroidered hat for 116 gold pieces
 31217 | D:12     | Received a gift from Okawaru
 31271 | D:12     | Noticed a frost giant
 31274 | D:12     | Reached XP level 15. HP: 63/63 MP: 18/20
 31276 | D:12     | Killed a frost giant
 31847 | D:13     | Noticed a hill giant
 31859 | D:13     | Killed a hill giant
 31895 | D:13     | Found a gate to the Vaults.
 32940 | D:13     | Noticed Sonja
 32950 | D:13     | Killed Sonja
 34246 | D:14     | Received a gift from Okawaru
 34739 | D:15     | Entered Level 15 of the Dungeon
 35025 | D:15     | Noticed Rupert
 35067 | D:15     | Killed Rupert
 35067 | D:15     | Reached skill level 22 in Stealth
 35640 | D:15     | Found a staircase to the Depths.
 36133 | Elf:1    | Entered Level 1 of the Elven Halls
 36179 | Orc:4    | Bought a scroll of fear for 49 gold pieces
 36195 | Orc:4    | Bought a +2 ring of slaying for 273 gold pieces
 36670 | Elf:1    | Received a gift from Okawaru
 36894 | Elf:1    | Identified Sif Muna's Almanac of the Escort and Battle Magic
 36955 | Elf:1    | Gained mutation: You are partially covered in molten scales (AC +1). [potion of beneficial mutation]
 37647 | Elf:2    | Reached XP level 16. HP: 67/67 MP: 6/21
 37939 | Elf:2    | Found an ancient bone altar of Kikubaaqudgha.
 37947 | Elf:2    | Found a runed gate.
 37952 | Elf:2    | Found a runed gate.
 37952 | Elf:2    | Found a runed gate.
 37965 | Elf:2    | Reached skill level 23 in Stealth
 39114 | Elf:2    | Noticed Donald
 39123 | Elf:2    | Killed Donald
 40171 | Orc:4    | Bought an uncursed ring of poison resistance for 260 gold pieces
 40390 | Swamp:1  | Entered Level 1 of the Swamp
 41117 | Lair:3   | Reached skill level 24 in Stealth
 42028 | Swamp:1  | Learned a level 6 spell: Invisibility
 44381 | Swamp:4  | Entered Level 4 of the Swamp
 44452 | Swamp:1  | Reached skill level 25 in Stealth
 44765 | Orc:2    | Noticed Erolcha
 45094 | Orc:3    | Gained mutation: You are frail (-10% HP). [potion of mutation]
 45094 | Orc:3    | Gained mutation: You evolve. [potion of mutation]
 45094 | Orc:3    | Gained mutation: You are dopey. (Int -2) [potion of mutation]
 45319 | Elf:3    | Entered Level 3 of the Elven Halls
 45484 | Elf:3    | Lost mutation: You are frail (-10% HP). [potion of cure mutation]
 45484 | Elf:3    | Lost mutation: You can spit weak poison. [potion of cure mutation]
 45484 | Elf:3    | Lost mutation: You have a pair of small horns on your head. [potion of cure mutation]
 45484 | Elf:3    | Lost mutation: You are dopey. (Int -2) [potion of cure mutation]
 45484 | Elf:3    | Lost mutation: You evolve. [potion of cure mutation]
 45506 | Elf:3    | Starved to death

Action                   |  1- 3 |  4- 6 |  7- 9 | 10-12 | 13-15 | 16-18 || total
-------------------------+-------+-------+-------+-------+-------+-------++-------
Melee: Dagger            |   108 |   150 |   215 |  1206 |  1719 |       ||  3398
       Short sword       |       |       |    89 |    14 |       |       ||   103
       Rapier            |       |       |       |       |   596 |   620 ||  1216
Throw: Throwing net      |       |       |       |     1 |     1 |     1 ||     3
 Cast: Ensorcelled Hiber |    13 |    14 |    22 |    71 |    75 |    33 ||   228
       Dazzling Spray    |       |     7 |    17 |    40 |   100 |     5 ||   169
       Confuse           |       |     6 |    17 |    43 |   164 |    94 ||   324
       Tukima's Dance    |       |       |    17 |    35 |    99 |    47 ||   198
       Blink             |       |       |       |     1 |     6 |     4 ||    11
       Corona            |       |       |       |       |     1 |       ||     1
Invok: Heroism           |       |       |       |    16 |    27 |    20 ||    63
       Finesse           |       |       |       |     1 |     1 |       ||     2
 Abil: Spit Poison       |       |       |       |     2 |       |       ||     2
Evoke: Wand              |       |       |       |       |     1 |     2 ||     3
  Use: Scroll            |       |     1 |    12 |    13 |    10 |     7 ||    43
       Potion            |       |       |     1 |    13 |     8 |    14 ||    36
 Stab: Sleeping          |    18 |    13 |    18 |    75 |   133 |    31 ||   288
       Distracted        |     1 |     2 |     1 |     3 |    22 |     7 ||    36
       Confused          |       |     4 |     8 |    14 |    96 |    44 ||   166
       Invisible         |       |     2 |     6 |    26 |    45 |     8 ||    87
       Fleeing           |       |       |       |       |       |     1 ||     1
       Held in net/web   |       |       |       |       |       |     1 ||     1
  Eat: Bread ration      |       |     1 |     1 |     4 |     8 |     4 ||    18
       Pizza             |       |     1 |       |     2 |       |     1 ||     4
       Fruit             |       |       |       |     2 |    13 |       ||    15
       Royal jelly       |       |       |       |     1 |     1 |       ||     2
